Map: Ulrena

Players

fantomik - Winner!

  • Race: Terran Terran
  • League: Gold
  • Spawn Location: 11:00

zidar

  • Race: Zerg Zerg
  • League: Silver
  • Spawn Location: 7:00

VOD

Have the link to the VOD?

Description

Time

  • Played on: Feb. 9, 2016, 11:41 a.m.
  • Length: 11:41
Show
View Real Time Build Order
Export as new Build Order

fantomik Terran - Winner!

Build Orders:  

Get SALT Encoding   

  12  0:03  SCV  
  13  0:15  SCV  
  14  0:26  Supply Depot  
  14  0:27  SCV  
  15  0:47  SCV  
  15  0:48  Barracks  
  16  1:13  SCV  
  16  1:16  Command Center  
  17  1:26  SCV  
  18  1:33  Barracks  
  18  1:35  Marine  
  19  1:42  Supply Depot  
  19  1:46  SCV  
  20  1:51  Refinery  
  20  1:56  Refinery  
  20  1:58  Marine  
  21  2:11  SCV  
  22  2:15  Marine  
  22  2:21  Marine  
  24  2:26  SCV  
  25  2:30  SCV  
  25  2:33  Marine  
  27  2:38  SCV  
  27  2:42  Marine, SCV  
  30  2:50  SCV  
  31  2:51  Marine  
  31  2:54  SCV  
  33  3:00  Marine  
  33  3:05  Factory  
  34  3:06  SCV  
  34  3:09  Marine  
  36  3:18  Marine, SCV  
  36  3:19  SCV  
  39  3:26  Barracks  
  39  3:27  Marine  
  39  3:33  SCV  
  41  3:36  Barracks Tech Lab  
  41  3:45  Marine, SCV  
  43  3:50  Factory Reactor, Starport  
  43  3:57  Starport  
  43  3:59  Refinery  
  43  4:02  SCV  
  44  4:03  Refinery  
  44  4:10  Orbital Command  
  44  4:15  Marine  
  44  4:16  Marine  
  46  4:39  Starport Reactor  
  46  4:51  Marine x3  
  49  4:53  Supply Depot  
  49  4:55  SCV, Supply Depot  
  49  4:58  Factory Tech Lab  
  50  5:01  Medivac x2  
  54  5:10  Stimpack  
  54  5:14  Marine, SCV  
  54  5:16  Marine x2  
  58  5:26  SCV, Siege Tank  
  61  5:32  Marine  
  61  5:34  Marine  
  50  5:39  Marine  
  47  5:50  Marine  
  47  5:52  Marine  
  44  5:57  Marine  
  40  6:07  Marine  
  40  6:10  Marine  
  36  6:13  SCV  
  36  6:15  Marine  
  38  6:25  Marine, SCV  
  39  6:27  Marine  
  39  6:30  Siege Tank  
  44  6:33  Marine  
  44  6:37  SCV  
  46  6:43  Marine  
  46  6:45  Marine  
  48  6:49  SCV  
  48  6:51  Marine  
  50  6:54  Medivac x2  
  50  7:01  Marine, SCV  
  54  7:03  Marine  
  57  7:08  Marine  
  57  7:11  Combat Shield  
  57  7:14  SCV  
  59  7:19  Marine  
  59  7:20  Siege Tank  
  59  7:21  Marine  
  64  7:26  Marine  
  64  7:27  Supply Depot  
  65  7:33  Barracks  
  65  7:36  Marine  
  66  7:39  Marine  
  67  7:44  Marine  
  68  7:52  Siege Tank  
  68  7:54  Marine  
  68  7:56  Marine  
  71  8:02  Marine  
  65  8:12  Marine  
  66  8:14  Marine  
  67  8:20  Marine  
  67  8:22  Barracks Reactor  
  67  8:24  SCV  
  69  8:30  Marine  
  69  8:32  Marine  
  71  8:36  SCV  
  71  8:37  Medivac x2  
  71  8:38  Marine  
  77  8:48  SCV  
  78  9:00  Supply Depot  
  78  9:21  Marine x3, Siege Tank, Medivac  
  86  9:36  Supply Depot  
  86  9:40  Marine  
  86  9:41  Marine  
  86  9:52  Marine  
  86  9:55  Marine  
  86  9:57  Marine, Siege Tank, Medivac x2  
  94  10:04  Marine  
  94  10:27  Marine  
  94  10:28  Marine  
  94  10:29  Marine  
  94  10:30  Marine x2  
  94  10:31  Medivac  
  90  10:45  Marine  
  90  10:46  Marine  
  90  10:47  Marine  
  90  10:48  Marine x2  
  93  11:02  Marine  
  94  11:07  Engineering Bay  
  94  11:08  Supply Depot  
  94  11:11  Marine x4  
  110  11:20  Marine  
Show
View Real Time Build Order
Export as new Build Order

zidar Zerg 

Build Orders: Hatch First 

Get SALT Encoding   

  12  0:02  Drone  
  13  0:12  Overlord  
  13  0:17  Drone  
  14  0:33  Drone  
  14  0:34  Drone  
  16  0:37  Drone  
  17  0:57  Drone  
  17  0:59  Hatchery  
  17  1:01  Extractor  
  17  1:02  Drone  
  17  1:17  Spawning Pool  
  16  1:19  Drone  
  17  1:27  Drone  
  18  1:34  Drone  
  18  1:39  Overlord  
  19  1:53  Overlord  
  19  2:04  Metabolic Boost  
  19  2:05  Queen  
  21  2:12  Zergling x2  
  22  2:19  Roach Warren  
  21  2:24  Zergling x4  
  21  2:25  Zergling x2  
  21  2:28  Zergling x2  
  25  2:40  Zergling x2  
  25  2:41  Zergling x2  
  27  2:50  Queen  
  29  3:10  Extractor  
  29  3:11  Drone  
  29  3:12  Drone x5  
  33  3:28  Roach  
  33  3:29  Overlord  
  33  3:30  Overlord  
  35  3:54  Drone x6  
  41  4:03  Overlord  
  41  4:06  Roach  
  41  4:07  Roach x2  
  47  4:42  Ravager x2  
  47  4:44  Ravager  
  50  4:47  Roach  
  50  4:48  Roach x3  
  58  5:08  Zergling x2  
  58  5:11  Overlord  
  58  5:12  Overlord x2  
  42  6:31  Roach x14  
  70  6:34  Hatchery  
  70  6:39  Lair  
  69  7:06  Ravager x4  
  69  7:07  Ravager  
  74  7:13  Drone  
  74  7:14  Drone x9  
  84  7:16  Overlord x2  
  84  7:30  Pneumatized Carapace  
  42  8:14  Drone  
  42  8:15  Drone x15  
  42  8:16  Queen  
  60  8:27  Extractor x2  
  58  8:34  Spire  
  58  8:37  Evolution Chamber  
  58  8:41  Evolution Chamber, Drone x3  
  56  8:44  Drone  
  59  8:52  Drone x2  
  61  9:01  Extractor  
  60  9:04  Extractor  
  59  9:10  Baneling Nest  
  59  9:11  Zergling x2  
  59  9:12  Zergling x10  
  59  9:13  Zergling x14  
  66  9:27  Zerg Ground Armor Level 1  
  52  9:43  Queen  
  54  9:46  Zerg Melee Weapons Level 1  
  51  9:57  Mutalisk  
  51  9:58  Mutalisk x5  
  61  10:09  Zergling x2  
  61  10:10  Zergling x22  
  70  10:53  Drone x3  
  73  11:10  Baneling  
  73  11:11  Baneling x5  
  73  11:14  Mutalisk  
  73  11:15  Mutalisk x2  
Tags
 
Matchup
TvZ
Spawn Locations
Close Positions
Add a new tag
Caveats
  • Supply blocks, unpowered buildings, or Contaminate may cause inaccurate times.
  • Supply counts are checked every 10 seconds.